AoeStats
← kV0t3

Arabia

509742409Analyzed
3v3 RM · 3d ago on Sep 27, 2026· 33m 39s· 6 players
Game mode
Random Map
Map size
Normal (6 player)
Population
200
Speed
Normal
Resources
Standard
Victory
Conquest
Starting age
Dark Age
Ending age
Imperial Age
RankedLock teamsTeams togetherTeam positionsShared explorationLock speedFull tech treeHidden civsTurbo modeCheats
Victory
Defeat
🇦🇷 Berbers · Argentina
1384
+14
🇦🇷 Portuguese · Argentina
1361
+14
🇦🇷 Tatars · Argentina
1351
+15
🇦🇷 Poles · Argentina
1345
-15
🇺🇾 Turks · Uruguay
1332
-14
🇺🇾 Lithuanians · Uruguay
1314
-14
ZIZOU
6:05 Loom
9:11 Feudal Age
14:11 Double-Bit Axe
16:52 Scale Barding Armor
17:27 Horse Collar
20:19 Gold Mining
22:27 Wheelbarrow
22:15 Bloodlines
25:00 Castle Age
24:22 Forging
26:29 Husbandry
28:06 Chain Barding Armor
31:46 Gold Shaft Mining
31:13 Heavy Plow
32:18 Iron Casting
33:31 Fletching
33:55 Bow Saw
kV0t3
0:25 Loom
10:03 Feudal Age
11:48 Double-Bit Axe
16:45 Fletching
20:07 Padded Archer Armor
24:14 Castle Age
22:15 Gold Mining
23:13 Horse Collar
24:51 Bodkin Arrow
24:21 Crossbowman
26:56 Ballistics
27:45 Leather Archer Armor
AlleN ★
6:18 Loom
9:51 Feudal Age
10:36 Double-Bit Axe
17:04 Fletching
20:44 Horse Collar
24:42 Castle Age
25:00 Scale Mail Armor
24:54 Gold Mining
24:54 Stone Mining
25:23 Heavy Plow
24:53 Pikeman
25:45 Bow Saw
24:57 Crossbowman
26:13 Bodkin Arrow
26:18 Padded Archer Armor
27:37 Leather Archer Armor
29:11 Chain Mail Armor
31:33 Ballistics
poli2107
6:33 Loom
9:26 Feudal Age
10:13 Double-Bit Axe
17:25 Horse Collar
18:40 Bloodlines
19:54 Scale Barding Armor
23:05 Castle Age
22:20 Fletching
22:31 Padded Archer Armor
23:21 Elite Skirmisher
24:26 Bow Saw
32:07 Bodkin Arrow
Gonzat92
6:05 Loom
9:14 Feudal Age
10:05 Double-Bit Axe
22:17 Castle Age
21:01 Scale Barding Armor
21:26 Bloodlines
22:59 Forging
22:19 Light Cavalry
24:30 Husbandry
29:06 Iron Casting
29:27 Chain Barding Armor
29:46 Pikeman
30:26 Squires
Lord Selby
6:30 Loom
9:50 Feudal Age
10:42 Double-Bit Axe
14:34 Wheelbarrow
13:45 Town Watch
14:12 Horse Collar
16:55 Padded Archer Armor
18:47 Fletching
19:58 Scale Barding Armor
21:38 Forging
25:26 Castle Age
25:11 Bloodlines
25:27 Gold Mining
26:14 Husbandry
25:47 Crossbowman
28:05 Bow Saw
29:28 Bodkin Arrow
Connection lost

Rejoining the realm…

Still unreachable

The connection could not be restored.

Session expired

The server has moved on; the page needs a fresh start.